 Dungeon Crawl Stone Soup version 0.28.0-53-g5a82cb258f (webtiles) character file.

Game seed: 9348728464614249553

549 Kranky the Insei (level 7, -1/43 HPs)
             Began as an Octopode Transmuter on June 19, 2022.
             Slain by an ice beast (7 damage)
             ... on level 5 of the Dungeon.
             The game lasted 00:10:56 (5570 turns).

Kranky the Insei (Octopode Transmuter)              Turns: 5570, Time: 00:10:57

Health: -1/43      AC:  1    Str:  9    XL:     7   Next: 28%
Magic:  10/11      EV: 13    Int: 17    God:
Gold:   206        SH:  4    Dex: 13    Spells: 10/11 levels left

rFire   . . .      SeeInvis .     - Unarmed
rCold   . . .      Faith    .   t - +1 buckler
rNeg    . . .      Spirit   .   (helmet currently unavailable)
rPois   .          Reflect  .   (no amulet)
rElec   .          Harm     .   (no ring)
rCorr   .          Rampage  .   (no ring)
Will    .....                   (no ring)
Stlth   ++++......              (no ring)
HPRegen 0.14/turn               (no ring)
MPRegen 0.12/turn               (no ring)
                                (no ring)
                                (no ring)

@: appendages
A: tentacle spike 3, almost no armour, amphibious, 8 rings, camouflage 1,
gelatinous body 1, (nimble swimmer 1), tentacles
a: End Transformation


You were on level 5 of the Dungeon.
One of your tentacles had grown a beastly spike.
You visited 2 branches of the dungeon, and saw 6 of its levels.

You collected 206 gold pieces.

Inventory:

Hand Weapons
 g - a +2 dagger of holy wrath
Missiles
 n - 3 poisoned darts
Armour
 t - a +1 buckler (worn)
Jewellery
 i - a ring of flight
Wands
 q - a wand of digging (3)
 s - a wand of iceblast (13)
Scrolls
 j - 3 scrolls of noise
 k - 4 scrolls of identify
 m - a scroll of enchant armour
 p - a scroll of summoning {unknown}
Potions
 a - 5 potions of curing
 c - a potion of cancellation {unknown}
 e - 4 potions of heal wounds {unknown}
 f - a potion of ambrosia {unknown}
 h - 2 potions of flight {unknown}
 o - a potion of resistance {unknown}
 r - a potion of magic {unknown}
 u - a potion of haste {unknown}


   Skills:
 + Level 1.5 Fighting
 + Level 3.2 Dodging
 + Level 4.5 Stealth
 + Level 5.9 Unarmed Combat
 + Level 2.8 Spellcasting
 + Level 2.8 Transmutations


You had 10 spell levels left.
You knew the following spells:

 Your Spells              Type           Power      Damage    Failure   Level
a - Beastly Appendage     Tmut           24%        N/A       8%          1

Your spell library contained the following spells:

 Spells                   Type           Power      Damage    Failure   Level
 Wereblood                Tmut           12%        N/A       11%         2
 Spider Form              Tmut/Pois      7%         N/A       38%         3
 Ice Form                 Ice/Tmut       7%         N/A       80%         4
 Olgreb's Toxic Radiance  Pois           2%         N/A       94%         4
 Ozocubu's Refrigeration  Ice            1%         4d5       100%        7
 Ignition                 Fire           1%         3d3       100%        8


Dungeon Overview and Level Annotations

Branches:
Dungeon (5/15)             Temple (1/1) D:4

Altars:
Ashenzari
Cheibriados
Dithmenos
Elyvilon
Fedhas
Gozag
Hepliaklqana
Kikubaaqudgha
Makhleb
Nemelex Xobeh
Okawaru
Qazlal
Ru
Sif Muna
Trog
Uskayaw
Vehumet
Wu Jian
Xom
Yredelemnul
Zin
The Shining One

Shops:
D:4 =


Innate Abilities, Weirdness & Mutations

One of your tentacles has grown a beastly spike.
You cannot wear most types of armour.
You are amphibious.
You can wear up to eight rings at the same time.
Your skin changes colour to match your surroundings (Stealth+).
Your rubbery body absorbs attacks. (AC +1, EV +1)
((You are camouflaged when in or above water. (Stealth+)))
You have tentacles for arms and can constrict up to eight enemies at once.


Message History

The ufetubus is almost dead.
The ufetubus hits you. The ufetubus completely misses you.
The ufetubus hits you but does no damage.
The ufetubus misses you.
You tentacle-slap the ufetubus.
You kill the ufetubus!
You see here an adder corpse.
You start resting.
An ice beast comes into view.
Found a stone staircase leading up.
You see here 12 stones.
Casting: Beastly Appendage (safe; 8% risk of failure)
Confirm with . or Enter, or press ? or * to list all spells.
One of your tentacles grows a vicious spike.
You tentacle-slap the ice beast but do no damage.
Your tentacle spike misses the ice beast.
You tentacle-slap the ice beast.
The ice beast is lightly wounded.
The ice beast closely misses you.
You tentacle-slap the ice beast but do no damage.
You pierce the ice beast.
Your squeeze misses the ice beast.
The ice beast is lightly wounded.
The ice beast hits you. The ice beast freezes you!
You barely miss the ice beast.
Your tentacle spike misses the ice beast.
You tentacle-slap the ice beast.
The ice beast is moderately wounded.
The ice beast barely misses you.
You tentacle-slap the ice beast but do no damage.
Your tentacle spike misses the ice beast.
Your squeeze misses the ice beast.
The ice beast is moderately wounded.
The ice beast hits you. The ice beast freezes you!
* * * LOW HITPOINT WARNING * * *
You completely miss the ice beast.
The ice beast is moderately wounded.
The ice beast hits you.
* * * LOW HITPOINT WARNING * * *
The ice beast freezes you!
You die...

*,* *,**,,<,,,,,*,# *,*
*,*******#.,,,,,,***,*.##******,*
,,,,,,,,,..##.*,**##,#..,,,,,,,,,
*,***,,,,,.<..,,,*.....,,,,,,,,,*
*** *,***,.....,,*.#.#***********
*,* *#.##.#,*,...####**** *,*
##.....###.......,,,*
*,***..Y#.#.#(...#*****,*
*,**,*,#..#Y@..#.# *,*
*,,,,,,#...†.....# *,*
*.##.###.##....### *,*
*.......<....#.# *,*****
*.############.# *,,,,,, *,* *.#
******* *,* ***.#
*,**********,,,* *,,,,,,,,,,,,***


You could see an ice beast.

Vanquished Creatures
  2 necrophages
  An ogre (D:4)
  Crazy Yiuf (D:4)
  A bullfrog skeleton (D:4)
  Ijyb (D:4)
  Natasha (thrice) (D:4)
  5 adders
  3 gnolls
  An ufetubus (D:5)
  3 worms
  A dart slug (D:1)
  An orc (D:3)
  6 ball pythons
  3 endoplasms
  4 giant cockroaches
  4 hobgoblins
  4 jackals (D:1)
  4 kobolds
  3 quokkas
  2 bats (D:1)
  2 frilled lizards (D:1)
  3 goblins
  2 rats
60 creatures vanquished.

Notes
Turn   | Place    | Note
-------+----------+-------------------------------------------
     0 | D:1      | Kranky the Octopode Transmuter began the quest for the Orb.
     0 | D:1      | Reached XP level 1. HP: 13/13 MP: 3/3
   328 | D:1      | Reached XP level 2. HP: 5/18 MP: 5/5
   938 | D:1      | Found a faded altar of an unknown god.
  1281 | D:1      | Reached XP level 3. HP: 18/23 MP: 6/6
  2186 | D:2      | Reached skill level 1 in Stealth
  2336 | D:2      | Reached skill level 4 in Unarmed Combat
  2597 | D:2      | Reached XP level 4. HP: 10/28 MP: 7/7
  3019 | D:3      | Found a hazy altar of Hepliaklqana.
  3387 | D:3      | Noticed a necrophage
  3410 | D:3      | Killed a necrophage
  3411 | D:3      | Reached XP level 5. HP: 22/33 MP: 8/8
  3775 | D:4      | Found Gilleh Birgh's Jewellery Boutique.
  3808 | D:4      | Noticed an ogre
  3897 | D:4      | Noticed a necrophage
  3913 | D:4      | Killed a necrophage
  3914 | D:4      | Reached skill level 5 in Unarmed Combat
  3914 | D:4      | Reached XP level 6. HP: 33/38 MP: 9/9
  4263 | D:4      | Noticed Natasha
  4268 | D:4      | Killed Natasha
  4295 | D:4      | Noticed Ijyb
  4307 | D:4      | Killed Ijyb
  4308 | D:4      | Reached XP level 7. HP: 31/43 MP: 11/11
  4406 | D:4      | Found a staircase to the Ecumenical Temple.
  4422 | Temple   | Entered the Ecumenical Temple
  5061 | D:4      | Found a runed translucent door.
  5062 | D:4      | Noticed Crazy Yiuf
  5153 | D:4      | Noticed Natasha
  5170 | D:4      | Killed Natasha
  5270 | D:4      | Noticed Natasha
  5276 | D:4      | Killed Natasha
  5360 | D:4      | Killed Crazy Yiuf
  5538 | D:5      | Entered Level 5 of the Dungeon
  5570 | D:5      | Slain by an ice beast

Illustrated notes

Levels and vault maps discovered:
D:1:      dpeg_arrival_round_a, layout_rooms,
          hellmonk_ecumenical_altar_dog_temple, grunt_decor_mini_mirrors,
          minmay_tetromino_t4
D:2:      layout_loops_corners
D:3:      layout_rooms, nicolae_hepliaklqana_hazy_memory
D:4:      layout_cave_pools, minmay_temple_entry_statues_pillars, serial_shops,
          nicolae_shop_statue_plus, uniq_crazy_yiuf_cottage, uniq_ijyb,
          uniq_natasha
D:5:      layout_loops_ring, gup_sewer_entry_glass, due_unseen_surprise
Temple:   compressed_dpeg_triangle_lava_temple

Skill      XL: |  1  2  3  4  5  6 |
---------------+-------------------+-----
Stealth        | 2 3 4 |  4.5
Unarmed Combat | 4 5 |  5.9
Dodging        | 3 |  3.2
Fighting       | |  1.5
Spellcasting   | |  2.8
Transmutations | |  2.8

Action                   |  1- 3 |  4- 6 |  7- 9 || total
-------------------------+-------+-------+-------++-------
Melee: Unarmed           |    76 |    81 |    25 ||   182
       Constrict         |    20 |    15 |     4 ||    39
       Tentacles         |    18 |    24 |     2 ||    44
       Punch             |     4 |     8 |     3 ||    15
       Kick              |     1 |    20 |     5 ||    26
 Cast: Beastly Appendage |     3 |     7 |     3 ||    13
  Use: Scroll            |       |       |     6 ||     6
 Stab: Sleeping          |     4 |     4 |     1 ||     9
Armor: Skin              |     4 |     3 |     1 ||     8
Dodge: Dodged            |    33 |    51 |    15 ||    99
Block: Buckler           |       |       |     3 ||     3
